AoeStats
← BlackRefresher

MegaRandom

508276333Analyzed
3v3 RM · 10d ago on Sep 21, 2026· 30m 47s· 6 players
Game mode
Random Map
Map size
Normal (6 player)
Population
200
Speed
Normal
Resources
Standard
Victory
Conquest
Starting age
Dark Age
Ending age
Imperial Age
RankedLock teamsTeams togetherTeam positionsShared explorationLock speedFull tech treeHidden civsTurbo modeCheats
Victory
Defeat
🇩🇪 Jurchens · Germany
1165
+16
🇩🇪 Italians · Germany
1161
+16
🇩🇪 Goths · Germany
1152
+17
🇲🇽 Sicilians · Mexico
1235
-19
🇳🇱 Khmer · Netherlands
1135
-15
🇲🇽 Khitans · Mexico
1127
-15
BlackRefresher
3:25 Loom
10:49 Feudal Age
11:30 Double-Bit Axe
11:28 Horse Collar
12:49 Forging
14:54 Bloodlines
22:06 Castle Age
21:13 Scale Barding Armor
21:03 Gold Mining
23:21 Chain Barding Armor
23:37 Iron Casting
23:40 Wheelbarrow
30:33 Bow Saw
redrock
5:31 Loom
11:09 Feudal Age
13:15 Double-Bit Axe
13:32 Horse Collar
15:23 Wheelbarrow
17:55 Castle Age
16:23 Man-at-Arms
18:21 Pikeman
22:09 Squires
21:30 Long Swordsman
22:20 Scale Mail Armor
27:20 Bow Saw
venOx
8:23 Loom
10:36 Feudal Age
13:38 Double-Bit Axe
16:23 Castle Age
15:12 Fletching
15:31 Stone Mining
28:48 Horse Collar
GUILLOTINA
7:58 Loom
10:04 Feudal Age
14:19 Castle Age
13:29 Scale Mail Armor
16:49 Chain Mail Armor
dLevantine
0:49 Loom
10:22 Feudal Age
11:05 Double-Bit Axe
11:56 Forging
12:24 Domestication
19:41 Scale Barding Armor
23:11 Castle Age
23:10 Wheelbarrow
23:58 Husbandry
24:33 Bow Saw
25:54 Gold Mining
26:44 Stone Mining
29:07 Chain Barding Armor
29:22 Iron Casting
31:15 Stone Shaft Mining
De Muijl
8:51 Loom
11:04 Feudal Age
15:49 Castle Age
14:21 Bloodlines
15:43 Scale Barding Armor
15:49 Forging
18:10 Iron Casting
17:37 Double-Bit Axe
24:45 Husbandry
25:59 Horse Collar
26:34 Bow Saw
27:04 Town Watch
27:58 Wheelbarrow
27:41 Stone Mining
27:56 Heavy Plow
29:32 Hand Cart
29:57 Chain Barding Armor
29:28 Fletching
30:27 Stone Shaft Mining
29:48 Gold Mining
Connection lost

Rejoining the realm…

Still unreachable

The connection could not be restored.

Session expired

The server has moved on; the page needs a fresh start.